AoeStats
← pickneo

Arena

508887404Analyzed
2v2 RM · 7d ago on Sep 24, 2026· 48m 19s· 4 players
Game mode
Random Map
Map size
Medium (4 player)
Population
200
Speed
Normal
Resources
Standard
Victory
Conquest
Starting age
Dark Age
Ending age
Imperial Age
RankedLock teamsTeams togetherTeam positionsShared explorationLock speedFull tech treeHidden civsTurbo modeCheats
Victory
Defeat
🇨🇳 Bohemians · China
919
+14
🇨🇳 Mongols · China
894
+15
🇧🇷 Franks · Brazil
883
-15
🇲🇽 Spanish · Mexico
866
-14
Alexis angel666
8:24 Loom
11:37 Feudal Age
16:36 Castle Age
14:27 Double-Bit Axe
14:55 Horse Collar
19:21 Bow Saw
21:15 Heavy Plow
21:12 Gold Mining
23:24 Fervor
29:10 Imperial Age
44:00 Elite Skirmisher
47:58 Padded Archer Armor
rmoiana
5:40 Loom
11:37 Feudal Age
15:55 Castle Age
14:26 Double-Bit Axe
14:53 Stone Mining
22:37 Gold Mining
30:38 Scale Barding Armor
31:03 Elite Skirmisher
34:27 Imperial Age
34:13 Fletching
34:24 Padded Archer Armor
34:41 Cavalier
35:51 Bow Saw
40:28 Chivalry
pickneo
9:21 Feudal Age
16:14 Castle Age
17:44 Double-Bit Axe
17:41 Horse Collar
30:28 Stone Mining
30:29 Gold Mining
30:52 Bow Saw
30:44 Heavy Plow
33:46 Imperial Age
31:53 Caravan
32:23 Coinage
31:47 Fletching
31:57 Padded Archer Armor
34:06 Gold Shaft Mining
34:06 Stone Shaft Mining
34:01 Masonry
34:02 Fortified Wall
34:12 Ballistics
34:17 Nomads
35:41 Elite Mangudai
38:11 Onager
39:51 Drill
39:43 Bodkin Arrow
40:03 Leather Archer Armor
45:16 Capped Ram
45:19 Siege Onager
46:44 Hoardings
46:48 Scale Barding Armor
47:30 Parthian Tactics
48:43 Caravan
meyerowitz
11:45 Feudal Age
16:59 Castle Age
14:53 Double-Bit Axe
15:03 Horse Collar
19:48 Bow Saw
19:40 Heavy Plow
22:07 Chemistry
28:37 Wheelbarrow
44:23 Town Watch
49:38 Imperial Age
47:26 Hand Cart
46:59 Town Watch
Connection lost

Rejoining the realm…

Still unreachable

The connection could not be restored.

Session expired

The server has moved on; the page needs a fresh start.